 Dungeon Crawl Stone Soup version 0.14-a0-3247-g5fd345f (webtiles) character file.

1458 Psiweapon the Quickloader (level 8, 0/48 HPs)
             Began as a Kobold Hunter on Mar 12, 2014.
             Was a Follower of Dithmenos.
             Slain by an orc warrior
             ... wielding a +0,+2 scimitar of freezing
              (15 damage)
             ... on Level 7 of the Dungeon.
             The game lasted 00:22:48 (6580 turns).

Psiweapon the Quickloader (Kobold Hunter)           Turns: 6580, Time: 00:22:48

HP   0/48        AC  7     Str 13      XL: 8   Next: 65%
MP   8/8         EV 13     Int  9      God: Dithmenos [*.....]
Gold 304         SH  0     Dex 16      Spells:  0 memorised,  7 levels left

rFire  . . .     SeeInvis .     b - +1 crossbow
rCold  . . .     Clarity  .     I - +2 leather armour {rPois}
rNeg   . . .     Conserve +     (no shield)
rPois  +         rCorr    .     (no helmet)
rElec  .         rRot     .     s - +1 cloak
SustAb . .       Spirit   .     (no gloves)
rMut   .         Warding  .     (no boots)
Saprov + + .     Stasis   .     p - amulet of conservation
MR     .....                    (no ring)
                                (no ring)

@: wreathed by umbra, not resistant to hostile enchantments, quite stealthy
A: disease resistance, carnivore 3, saprovore 2
a: Renounce Religion


You were on level 7 of the Dungeon.
You worshipped Dithmenos.
Dithmenos was aware of your devotion.
You were full.

You visited 2 branches of the dungeon, and saw 8 of its levels.
You also visited: Ossuary.

You collected 304 gold pieces.

Inventory:

Hand weapons
 a - a +0,+2 short sword of holy wrath
 b - a +1,+1 crossbow (weapon)
 c - a cursed +0,+2 dagger of speed
 k - a +0,+0 cutlass
 w - a +3,+1 short sword
 A - a +1,+2 flail of holy wrath
 F - the +10,+4 cutlass "Rehelina" {flame, rPois rC++ rN+}
   (You found it on level 5 of the Dungeon)

   It emits flame when wielded, causing extra injury to most foes and up to
   double damage against particularly susceptible opponents.
   Big, fiery blades are also staple armaments of hydra-hunters.
   It greatly protects you from cold.
   It protects you from poison.
   It protects you from negative energy.
   Dithmenos disapproves of the use of such an item.
Missiles
 e - 18 stones
 j - 21 poisoned needles
 n - 45 bolts (quivered)
 J - 12 bolts of penetration
Armour
 d - a +0 leather armour
 s - a +1 cloak (worn)
 I - a +2 leather armour of poison resistance (worn)
Magical devices
 r - a wand of slowing (0)
 y - a wand of flame (6)
Comestibles
 f - 5 meat rations
Scrolls
 g - a scroll of recharging {unknown}
 i - 3 scrolls of remove curse
 l - a scroll of identify
 m - 4 scrolls of teleportation {unknown}
 o - a scroll of fog {unknown}
 q - 3 scrolls of amnesia {unknown}
 t - 3 scrolls of noise {unknown}
 v - 2 scrolls of magic mapping {unknown}
 E - 2 scrolls of immolation {unknown}
 G - a scroll of enchant weapon II {unknown}
 H - a scroll of fear {unknown}
 L - 3 scrolls of enchant weapon I {unknown}
Jewellery
 p - an amulet of conservation (around neck)
Potions
 u - a potion of brilliance {unknown}
 x - 4 potions of curing
 B - 2 potions of might {unknown}
 C - 2 potions of restore abilities
 D - 2 potions of berserk rage {unknown}
Books
 z - a book of Hinderance

   Spells                             Type                      Level
   Confusing Touch                    Hexes                        1
   Slow                               Hexes                        2
   Confuse                            Hexes                        3
   Petrify                            Transmutation/Earth          4
   Leda's Liquefaction                Hexes/Earth                  4
   Metabolic Englaciation             Hexes/Ice                    5
 K - a book of Air

   Spells                             Type                      Level
   Shock                              Conjuration/Air              1
   Swiftness                          Charms/Air                   2
   Repel Missiles                     Charms/Air                   2
   Flight                             Charms/Air                   3
   Static Discharge                   Conjuration/Air              3
   Lightning Bolt                     Conjuration/Air              5


   Skills:
 + Level 3.9 Fighting
 - Level 3.6 Short Blades
 - Level 10.2 Crossbows
 - Level 0.1 Armour
 - Level 2.4 Dodging
 + Level 5.3 Stealth


You had 7 spell levels left.
You didn't know any spells.

Dungeon Overview and Level Annotations

Branches:
Dungeon (7/15)             Temple (1/1) D:5

Altars:
Ashenzari
Cheibriados
Dithmenos
Kikubaaqudgha
Makhleb
Nemelex Xobeh
Okawaru
Sif Muna
Trog
Xom
Zin
The Shining One


Innate Abilities, Weirdness & Mutations

You recuperate from illness quickly.
You are small and have problems with some larger weapons.
You are carnivorous and can eat meat at any time.
You can eat rotten meat.


Message History

Okay, then.
Drink which item? (? for menu, Esc to quit)
Okay, then.
There is a stone staircase leading up here.
Things that are here:
a hand axe; a dagger
Things that are here:
a hand axe; a dagger Read which item? (? for menu, Esc to quit)
Okay, then.
Evoke which item? (* to show all) (? for menu, Esc to quit)
Okay, then.
Things that are here:
a hand axe; a dagger
Things that are here:
a hand axe; a dagger
Things that are here:
a hand axe; a dagger The orc warrior hits you with a scimitar of freezing!
You die...

#.#### #....# #....#
###....# #..<#####...#
# §##########.........#
≈
o§≈≈............#######
≈. §§§≈.......##...#
.≈§§§§§#......##@.[#
≈≈.≈≈ #......##o..#
§≈≈≈. #.......)..##
.≈≈≈≈≈............#
...# ########....##
...# #.....## ...#
#...### ..#########...#
..............#


You could see an orc warrior.

Vanquished Creatures
  Edmund (D:6)
  3 ogres
  An elf zombie (Ossuary)
  3 centaur zombies (Ossuary)
  An orc priest (D:7)
  A giant frog skeleton (D:7)
  A gnoll shaman (D:6)
  A centaur skeleton (D:6)
  2 hounds
  An orc wizard (D:7)
  3 iguanas
  A worker ant (D:6)
  A big kobold zombie (Ossuary)
  Jessica (D:3)
  2 mummies (Ossuary)
  5 gnolls (D:6)
  7 adders
  2 shadow imps
  2 giant mites
  A worm (D:6)
  2 adder zombies (Ossuary)
  A giant eyeball (D:4)
  3 giant geckos
  8 orcs
  A ball python (D:2)
  11 bats
  11 goblins
  10 hobgoblins
  2 jackals (D:4)
  2 giant cockroaches
  4 giant newts
  A giant spore (D:6)
  A goblin zombie (Ossuary)
  12 hobgoblin zombies (Ossuary)
  3 jackal zombies
  11 kobolds
  9 kobold zombies
  6 orc zombies (Ossuary)
  2 quokkas
  14 rats
  3 rat zombies
157 creatures vanquished.

Vanquished Creatures (others)
  A black bear (D:7)
  An adder (D:7)
  2 hobgoblins (D:7)
  A giant newt (D:7)
  A ballistomycete (D:6)
6 creatures vanquished.

Grand Total: 163 creatures vanquished

Notes
Turn   | Place    | Note
--------------------------------------------------------------
     0 | D:1      | Psiweapon, the Kobold Hunter, began the quest for the Orb.
     0 | D:1      | Reached XP level 1. HP: 12/12 MP: 1/1
    39 | D:1      | Reached skill level 5 in Crossbows
   132 | D:1      | Reached XP level 2. HP: 16/16 MP: 2/2
   392 | D:1      | Reached XP level 3. HP: 12/20 MP: 3/3
   848 | D:2      | Reached skill level 6 in Crossbows
  1240 | D:2      | Reached XP level 4. HP: 25/25 MP: 4/4
  2142 | D:3      | Noticed Jessica
  2146 | D:3      | Killed Jessica
  2146 | D:3      | Reached skill level 7 in Crossbows
  2204 | D:3      | Reached XP level 5. HP: 29/29 MP: 5/5
  2275 | D:3      | Found a burning altar of Makhleb.
  2578 | D:4      | Reached skill level 8 in Crossbows
  2578 | D:4      | Reached XP level 6. HP: 31/34 MP: 6/6
  2647 | D:4      | Found a snail-covered altar of Cheibriados.
  2671 | D:4      | Noticed an ogre
  2687 | D:4      | Killed an ogre
  3155 | D:4      | Found a sand-covered staircase.
  3167 | Ossuary  | Entered an ossuary
  3340 | Ossuary  | Reached skill level 1 in Short Blades
  3447 | Ossuary  | Reached XP level 7. HP: 24/38 MP: 7/7
  3560 | Ossuary  | Reached skill level 9 in Crossbows
  3888 | D:4      | Noticed an ogre
  3893 | D:4      | Killed an ogre
  4081 | D:5      | Entered Level 5 of the Dungeon
  4122 | D:5      | Got a jewelled cutlass
  4124 | D:5      | Identified the +10,+4 cutlass "Rehelina" {flame, rPois rC++ rN+} (You found it on level 5 of the Dungeon)
  4151 | D:5      | Reached skill level 10 in Crossbows
  4229 | D:5      | Reached XP level 8. HP: 7/43 MP: 8/8
  4639 | D:5      | Found a staircase to the Ecumenical Temple.
  4644 | Temple   | Entered the Ecumenical Temple
  4750 | Temple   | Became a worshipper of Dithmenos
  5184 | D:6      | Noticed Edmund
  5191 | D:6      | Killed Edmund
  5823 | D:6      | Found a deep blue altar of Sif Muna.
  6069 | D:6      | Found a burning altar of Makhleb.
  6422 | D:7      | Found a shimmering altar of Xom.
  6487 | D:7      | Reached skill level 5 in Stealth
  6503 | D:7      | HP: 2/48 [orc warrior/scimitar of freezing (1)]
  6580 | D:7      | Slain by an orc warrior

Action                   |  1- 3 |  4- 6 |  7- 9 || total
-------------------------+-------+-------+-------++-------
Melee: Short sword       |    13 |    63 |    27 ||   103
       Cutlass           |       |       |     6 ||     6
 Fire: Crossbow          |    37 |    82 |   134 ||   253
Evoke: Wand              |       |     7 |     1 ||     8
  Use: Scroll            |       |     3 |     1 ||     4
       Potion            |       |     2 |     2 ||     4
 Stab: Sleeping          |     1 |       |       ||     1
